 Dungeon Crawl Stone Soup version 0.29-a0-490-g77b3608bb8 (webtiles) character file.

Game seed: 4860997743925455075

83986 siradein the Warrior (level 15, -6/267 HPs)
             Began as an Ogre Berserker on May 26, 2022.
             Was a High Priest of Trog.
             Mangled by Rupert
             ... wielding a +6 vorpal great mace
              (7 damage)
             ... on level 1 of the Orcish Mines on May 27, 2022.
             The game lasted 01:10:45 (22847 turns).

siradein the Warrior (Ogre Berserker)              Turns: 22847, Time: 01:10:46

Health: -6/267     AC: 14    Str: 34    XL:     15   Next: 78%
Magic:  15/15      EV: 15    Int:  8    God:    Trog [*****.]
Gold:   1909       SH:  0    Dex: 12    Spells: 14/14 levels left

rFire   . . .      SeeInvis .   H - +8 demon trident "Rift" {distort, reach+}
rCold   + . .      Faith    .   (no shield)
rNeg    . . .      Spirit   .   Y - +2 troll leather armour {Snorg}
rPois   +          Reflect  .   C - +2 hat
rElec   .          Harm     .   o - +2 cloak
rCorr   .          Rampage  .   (gloves unavailable)
Will    +....                   (boots unavailable)
Stlth   ..........              S - amulet "Keduimne" {Acrobat rC+ Regen+ Str-3 Dex+4}
HPRegen 2.14/turn               n - +6 ring of strength
MPRegen 0.14/turn               s - ring of poison resistance

@: berserking, very quick
A: large, unfitting armour, tough skin 1
a: Renounce Religion, Berserk, Trog's Hand, Brothers in Arms


You were on level 1 of the Orcish Mines.
You worshipped Trog.
Trog was extremely pleased with you.
You visited 3 branches of the dungeon, and saw 20 of its levels.
You also visited: Ossuary, Gauntlet, Ice Cave and Volcano.

You collected 1991 gold pieces.
You spent 82 gold pieces at shops.

Inventory:

Hand Weapons
 t - the +11 morningstar of Painted Defence {vorpal, rF+ Str+4}
   (You found it on level 3 of the Dungeon)

   It inflicts extra damage upon your enemies.
   Str:       It affects your strength (+4).
   rF:        It protects you from fire.
 H - the +8 demon trident "Rift" (weapon) {distort, reach+}
   (You found it in a Gauntlet)

   It warps and distorts space around it, and may blink, banish, or inflict
   extra damage upon those it strikes.
   Unwielding it can cause banishment or high damage.
   It can reach especially far, and its reaching attacks ignore other creatures
   in the way.
Missiles
 c - 500 stones (quivered)
 z - 21 poisoned darts
 M - 2 silver boomerangs
 N - a throwing net
 R - 6 large rocks
 Z - 6 boomerangs
Armour
 o - a +2 cloak (worn)
 C - a +2 hat (worn)
 D - +0 acid dragon scales
 Y - a +2 troll leather armour (worn) {Snorg}
Jewellery
 n - a +6 ring of strength (left hand)
 s - a ring of poison resistance (right hand)
 u - a ring of flight
 x - a +4 ring of evasion
 F - a ring of resist corrosion
 S - the amulet "Keduimne" (around neck) {Acrobat rC+ Regen+ Str-3 Dex+4}
   (You found it on level 11 of the Dungeon)

   [amulet of the acrobat]

   It increases your evasion while moving and waiting.
   Str:       It affects your strength (-3).
   Dex:       It affects your dexterity (+4).
   rC:        It protects you from cold.
   Regen:     It increases your rate of health regeneration.
 V - the ring "Xaenlih" {Wiz rC+}
   (You found it on level 4 of the Lair of Beasts)

   [ring of wizardry]

   It improves your spell success rate.
   rC:        It protects you from cold.
Wands
 y - a wand of acid (22)
 B - a wand of polymorph (19)
 E - a wand of mindburst (32)
 I - a wand of paralysis (6)
 P - a wand of digging (8)
 U - a wand of iceblast (4)
Scrolls
 b - a scroll of brand weapon
 d - a scroll of silence
 e - 11 scrolls of teleportation
 f - 5 scrolls of enchant weapon
 h - 6 scrolls of poison
 i - 3 scrolls of immolation
 q - 3 scrolls of fear
 v - 2 scrolls of magic mapping
 G - 4 scrolls of fog
 L - 2 scrolls of blinking
 O - a scroll of identify
 Q - a scroll of summoning
 W - 2 scrolls of enchant armour
Potions
 a - a potion of cancellation
 g - 10 potions of heal wounds
 j - 7 potions of lignification
 k - a potion of invisibility
 l - 4 potions of resistance
 m - 4 potions of magic
 p - 6 potions of haste
 r - 9 potions of curing
 w - 4 potions of flight
 A - 4 potions of might
 J - 4 potions of mutation
 T - 3 potions of ambrosia
Miscellaneous
 K - a phial of floods
 X - a tin of tremorstones (2/2)


   Skills:
 + Level 18.7 Fighting
 - Level 8.1 Maces & Flails
 + Level 11.9 Polearms
 + Level 11.0 Armour
 + Level 13.5 Dodging


You had 14 spell levels left.
You didn't know any spells.
Your spell library was empty.

Dungeon Overview and Level Annotations

Branches:
Dungeon (12/15)            Temple (0/1) D:7            Lair (6/6) D:9
 Shoals (0/4) Lair:3       Spider (0/4) Lair:2        Slime (0/5) Lair:5
    Orc (2/2) D:11            Elf (0/3) Orc:2       Ossuary (visited)
  IceCv (visited)         Volcano (visited)         Gauntlet (visited)

Altars:
Cheibriados
Beogh

Shops:
D:5 (   D:7 *   D:11 :   D:12 ?

Annotations:
Lair:1 3 runed translucent doors, turdburglar's ghost, journeyman HOFi
Orc:1 Rupert


Innate Abilities, Weirdness & Mutations

You are too large for most types of armour.
You have tough skin. (AC +1)


Message History

Rupert hits you with a +6 vorpal great mace!!!
Rupert hits you with a +6 vorpal great mace!!
You hear a shout! x3
You climb upwards.
There is a stone staircase leading down here.
A red film seems to cover your vision as you go berserk!
You feel yourself moving faster!
You feel mighty!
Rupert hits you with a +6 vorpal great mace!!!
You puncture Rupert!
Space warps around Rupert.
Rupert is moderately wounded.
Rupert hits you with a +6 vorpal great mace!!
* * * LOW HITPOINT WARNING * * *
x2 You impale Rupert!!
Space warps around Rupert.
Rupert is heavily wounded.
Rupert hits you with a +6 vorpal great mace!!
* * * LOW HITPOINT WARNING * * *
x2 Unknown command.
You are too berserk!
You barely miss Rupert.
Rupert is heavily wounded.
You closely miss Rupert.
Rupert is heavily wounded.
Rupert misses you.
You barely miss Rupert.
Rupert is heavily wounded.
Rupert misses you.
You are too berserk!
You are too berserk!
Unknown command.
You puncture Rupert!
Space warps around Rupert.
Rupert is heavily wounded.
Rupert hits you with a +6 vorpal great mace!
* * * LOW HITPOINT WARNING * * *
x2 You barely miss Rupert.
Rupert is heavily wounded.
You completely miss Rupert.
Rupert is heavily wounded.
Rupert hits you with a +6 vorpal great mace!!
* * * LOW HITPOINT WARNING * * *
You die...

##......#......##
##....##...#.#.##
##.#.###...##....#
#.....###........#####
##..#.#.#......#.###..##
###...##..........###....#
##.##<#.##...........#...##
#........#................##
##.#...........@.....#.....#
##.............@.....##..##
#............#.......#####
##.#....#............##
##...................#
##...##.##.#...###.##
############### ###


You could see Rupert (berserk).

Vanquished Creatures
  A frost giant (IceCv)
  A green death (Gauntlet)
  Snorg (Lair:5)
  The ghost of CowFu the Cleaver, a journeyman DDNe of Makhleb (D:11)
  2 boulder beetles
  2 catoblepae
  6 hydras
  A centaur warrior (D:12)
  4 two-headed ogres
  12 death yaks
  A skeletal warrior (D:11)
  A glowing orange brain (Gauntlet)
  2 sea snakes
  The ghost of bladeefan the Ruffian, a novice TrMo (D:6)
  A harpy (Lair:5)
  An orc sorcerer (D:8)
  3 deep elf pyromancers (D:12)
  2 cyclopes (D:11)
  4 ugly things
  An oklob plant (Lair:4)
  5 manticores
  3 black mambas
  18 elephants
  A merfolk siren (Lair:3)
  13 cane toads
  2 torpor snails
  A gargoyle (D:11)
  Maggie (D:6)
  An unseen horror (D:11)
  A freezing wraith (D:12)
  4 komodo dragons
  12 rime drakes
  A meliai (Lair:2)
  4 trolls
  7 polar bears
  2 hornets
  A blink frog (Lair:4)
  A wind drake (Lair:5)
  Grinder (D:3)
  Prince Ribbit (D:9)
  6 slime creatures (D:12)
  2 dream sheep (Lair:4)
  2 snapping turtles (Lair:6)
  3 spriggans (D:11)
  2 shadows
  2 vampires
  Sigmund (D:4)
  55 yaks
  A wraith (D:9)
  6 fire bats
  5 basilisks
  7 wyverns
  5 steam dragons
  3 vampire mosquitoes (D:12)
  15 water moccasins
  4 orc warriors
  The ghost of siradein the Skirmisher, an amateur OgFi (D:3)
  A hell hound (Volcano)
  3 ice beasts
  2 sky beasts (D:7)
  4 black bears
  2 ogres
  A boggart (D:12)
  32 wolves
  15 centaurs
  A kobold brigand (D:7)
  2 elf zombies (Ossuary)
  2 gnoll sergeants
  17 bullfrogs
  3 scorpions
  A two-headed ogre simulacrum (D:11)
  10 wights
  2 killer bees (Lair:2)
  7 howler monkeys
  5 electric eels (D:9)
  2 centaur zombies (Ossuary)
  5 jellies
  2 hounds
  11 orc priests
  Jessica (D:2)
  Ijyb (D:3)
  Terence (D:3)
  4 iguanas
  12 orc wizards
  11 hell rats
  4 spriggan simulacra (D:11)
  A hound zombie (Ossuary)
  4 mummies
  18 gnolls
  8 adders
  2 naga simulacra (D:11)
  2 shadow imps
  3 white imps (D:6)
  2 ufetubi
  3 adder zombies (Ossuary)
  2 worms
  A dart slug (D:3)
  49 orcs
  6 ball pythons
  2 bats
  7 endoplasms
  3 giant cockroaches
  7 goblins
  2 hobgoblins (D:3)
  11 jackals
  12 kobolds
  3 quokkas
  A frilled lizard (D:1)
  A gnoll zombie (Ossuary)
  5 goblin zombies (Ossuary)
  4 hobgoblin zombies (Ossuary)
  2 jackal zombies (Ossuary)
  6 kobold zombies (Ossuary)
  2 orc zombies (Ossuary)
  2 quokka zombies (Ossuary)
  4 rats
  4 rat zombies (Ossuary)
591 creatures vanquished.

Vanquished Creatures (others)
  35 fungi
  69 plants
  2 withered plants (Gauntlet)
106 creatures vanquished.

Grand Total: 697 creatures vanquished

Notes
Turn   | Place    | Note
-------+----------+-------------------------------------------
     0 | D:1      | siradein the Ogre Berserker began the quest for the Orb.
     0 | D:1      | Reached XP level 1. HP: 24/24 MP: 1/1
   292 | D:1      | Reached XP level 2. HP: 32/32 MP: 2/2
   626 | D:1      | Found a faded altar of an unknown god.
   912 | D:2      | Reached XP level 3. HP: 24/40 MP: 3/3
  1299 | D:2      | Noticed Jessica
  1303 | D:2      | Killed Jessica
  1304 | D:2      | Reached XP level 4. HP: 34/49 MP: 4/4
  1708 | D:3      | Noticed siradein's ghost (amateur OgFi)
  1711 | D:3      | Found a runed translucent gate.
  1711 | D:3      | Found a runed translucent gate.
  1713 | D:3      | Found a runed translucent gate.
  1726 | D:3      | Reached skill level 5 in Fighting
  1868 | D:3      | Reached ** piety under Trog
  2054 | D:3      | Noticed Terence
  2070 | D:3      | Killed Terence
  2138 | D:3      | Noticed Grinder
  2145 | D:3      | Killed Grinder
  2146 | D:3      | Reached skill level 6 in Fighting
  2146 | D:3      | Reached XP level 5. HP: 59/59 MP: 5/5
  2146 | D:3      | Reached XP level 6. HP: 67/67 MP: 6/6
  2300 | D:3      | Identified the +11 morningstar of Painted Defence {vorpal,
                  | rF+ Str+4}
  2761 | D:3      | Noticed Ijyb
  2765 | D:3      | Killed Ijyb
  3069 | D:4      | Reached skill level 1 in Maces & Flails
  3069 | D:4      | Reached XP level 7. HP: 57/76 MP: 7/7
  3129 | D:4      | Noticed Sigmund
  3176 | D:4      | Killed Sigmund
  3177 | D:4      | Reached skill level 7 in Fighting
  3192 | D:4      | Reached skill level 5 in Dodging
  3194 | D:4      | Reached *** piety under Trog
  3998 | D:5      | Entered Level 5 of the Dungeon
  4072 | D:5      | Found Qaashr Pofi's Antique Weapon Shop.
  4165 | D:5      | Reached XP level 8. HP: 88/88 MP: 8/8
  4182 | D:5      | Found a sand-covered staircase.
  4190 | Ossuary  | Entered an ossuary
  4226 | Ossuary  | Reached skill level 8 in Fighting
  4263 | Ossuary  | Reached **** piety under Trog
  5232 | D:6      | Found a runed translucent gate.
  5233 | D:6      | Noticed a komodo dragon
  5233 | D:6      | Noticed Maggie
  5243 | D:6      | Killed Maggie
  5244 | D:6      | Reached skill level 9 in Fighting
  5244 | D:6      | Reached XP level 9. HP: 98/98 MP: 9/9
  5325 | D:6      | Found a runed translucent gate.
  5325 | D:6      | Noticed bladeefan's ghost (novice TrMo)
  5326 | D:6      | Found a runed translucent gate.
  5482 | D:6      | Reached skill level 1 in Armour
  5921 | D:6      | Noticed Prince Ribbit
  6186 | D:3      | Killed siradein's ghost
  6187 | D:3      | Reached skill level 5 in Maces & Flails
  6386 | D:7      | Reached skill level 10 in Fighting
  6751 | D:7      | Found a snail-covered altar of Cheibriados.
  6785 | D:7      | Found Kiapn's Assorted Antiques.
  6827 | D:7      | Found a staircase to the Ecumenical Temple.
  7344 | D:7      | Reached XP level 10. HP: 111/111 MP: 10/10
  7480 | D:7      | Reached skill level 11 in Fighting
  7877 | D:8      | Noticed an orc sorcerer
  7892 | D:8      | Killed an orc sorcerer
  8212 | D:8      | Reached ***** piety under Trog
  8393 | D:9      | Killed Prince Ribbit
  8695 | D:9      | Found a staircase to the Lair.
  8837 | D:9      | Reached skill level 12 in Fighting
  9685 | D:9      | Reached XP level 11. HP: 84/123 MP: 11/11
 10374 | D:9      | Reached skill level 5 in Armour
 10822 | D:10     | Entered Level 10 of the Dungeon
 10822 | D:10     | Noticed a two-headed ogre
 10828 | D:10     | Killed a two-headed ogre
 10970 | D:10     | Noticed a two-headed ogre
 10995 | D:10     | Killed a two-headed ogre
 11593 | D:11     | Found a gate leading to a gauntlet.
 11602 | Gauntlet | Entered a Gauntlet
 11602 | Gauntlet | Found a transporter.
 11605 | Gauntlet | Found a transporter.
 11606 | Gauntlet | Found a transporter.
 11607 | Gauntlet | Found a transporter.
 11610 | Gauntlet | Found a transporter.
 11611 | Gauntlet | Found a transporter.
 11611 | Gauntlet | Noticed a green death
 11617 | Gauntlet | Noticed a necromancer
 11618 | Gauntlet | Noticed a glowing orange brain
 11619 | Gauntlet | Found a transporter.
 11619 | Gauntlet | Noticed a white ugly thing
 11619 | Gauntlet | Found the +8 demon trident "Rift" {distort, reach+}
 11635 | Gauntlet | Found a large runed translucent door.
 11635 | Gauntlet | Found a large runed translucent door.
 11636 | Gauntlet | Found a large runed translucent door.
 11637 | Gauntlet | Found a large runed translucent door.
 11638 | Gauntlet | Found a runed translucent gate.
 11639 | Gauntlet | Found a transporter.
 11639 | Gauntlet | Found a runed translucent gate.
 11640 | Gauntlet | Found a runed translucent gate.
 11642 | Gauntlet | Found a large runed translucent door.
 11643 | Gauntlet | Found a large runed translucent door.
 11643 | Gauntlet | Noticed a blizzard demon
 11650 | Gauntlet | Found a large runed translucent door.
 11651 | Gauntlet | Found a large runed translucent door.
 11651 | Gauntlet | Found a large runed translucent door.
 11652 | Gauntlet | Found a large runed translucent door.
 11652 | Gauntlet | Found a large runed translucent door.
 11652 | Gauntlet | Found a runed translucent door.
 11652 | Gauntlet | Found a runed translucent door.
 11653 | Gauntlet | Found a large runed translucent door.
 11654 | Gauntlet | Found a large runed translucent door.
 11656 | Gauntlet | Found a transporter.
 11660 | Gauntlet | Found a transporter.
 11664 | Gauntlet | Noticed a moth of wrath
 11668 | Gauntlet | Found a transporter.
 11695 | Gauntlet | Found a large runed translucent door.
 11696 | Gauntlet | Found a large runed translucent door.
 11697 | Gauntlet | Found a large runed translucent door.
 11748 | Gauntlet | Noticed a death yak
 11755 | Gauntlet | Noticed a death yak
 11756 | Gauntlet | Found a transporter.
 11756 | Gauntlet | Noticed a death yak
 11925 | Gauntlet | Killed a green death
 11926 | Gauntlet | Reached skill level 13 in Fighting
 11999 | Gauntlet | Killed a glowing orange brain
 12002 | Gauntlet | Killed a white ugly thing
 12061 | Gauntlet | Noticed a minotaur
 12072 | Gauntlet | Banished a minotaur
 12073 | Gauntlet | Reached skill level 5 in Polearms
 12094 | D:11     | Noticed a boulder beetle
 12126 | D:11     | Killed a boulder beetle
 12143 | D:11     | Found a frozen archway.
 12251 | IceCv    | Entered an ice cave
 12254 | IceCv    | Reached XP level 12. HP: 127/136 MP: 12/12
 12294 | IceCv    | Noticed a death yak
 12294 | IceCv    | Noticed a death yak
 12304 | IceCv    | Killed a death yak
 12308 | IceCv    | Killed a death yak
 12309 | IceCv    | Reached skill level 10 in Dodging
 12311 | IceCv    | Reached skill level 14 in Fighting
 12423 | IceCv    | Noticed a death yak
 12429 | IceCv    | Banished a death yak
 12846 | IceCv    | Noticed a death yak
 12846 | IceCv    | Noticed a frost giant
 12860 | IceCv    | Killed a death yak
 12869 | IceCv    | Killed a frost giant
 13245 | D:11     | Reached skill level 15 in Fighting
 13245 | D:11     | Reached XP level 13. HP: 135/149 MP: 13/13
 13475 | D:11     | Found a staircase to the Orcish Mines.
 13486 | D:11     | Found a runed translucent door.
 13488 | D:11     | Noticed CowFu's ghost (journeyman DDNe)
 13504 | D:11     | Identified the +9 trident "Yxzifut" {flame, rPois rC++
                  | Int+4 Dex-2}
 13718 | D:11     | Received a gift from Trog
 13869 | D:11     | Found Enawkog's Book Shop.
 14180 | D:6      | Killed bladeefan's ghost
 14191 | D:6      | Identified the +3 buckler "Zitzirph" {-Cast Str+4 Dex+3}
 14408 | D:11     | Killed CowFu's ghost
 14461 | D:11     | Identified the amulet "Keduimne" {Acrobat rC+ Regen+ Str-3
                  | Dex+4}
 14657 | Lair:1   | Entered Level 1 of the Lair of Beasts
 14726 | Lair:1   | Found a runed translucent gate.
 14726 | Lair:1   | Found a runed translucent gate.
 14728 | Lair:1   | Noticed turdburglar's ghost (journeyman HOFi)
 14731 | Lair:1   | Found a runed translucent gate.
 15067 | Lair:1   | Found a dark tunnel.
 15077 | Volcano  | Entered a volcano
 15200 | Volcano  | Reached skill level 16 in Fighting
 15888 | Lair:2   | Received a gift from Trog
 16091 | Lair:2   | HP: 8/229 [yak (9)]
 16096 | Lair:2   | HP: 7/229 [poisoned by a cane toad]
 16537 | Lair:2   | Reached XP level 14. HP: 155/163 MP: 14/14
 16553 | Lair:2   | Found a hole to the Spider Nest.
 16713 | Lair:3   | Identified the +1 falchion of Animal Spirits {freeze, Str+7
                  | Int-5 Dex+5}
 17119 | Lair:3   | Found a staircase to the Shoals.
 17893 | Lair:4   | Reached skill level 10 in Polearms
 18047 | Lair:4   | Reached skill level 17 in Fighting
 18197 | Lair:4   | Identified the ring "Xaenlih" {Wiz rC+}
 18445 | Lair:4   | Received a gift from Trog
 19188 | Lair:5   | Found a staircase to the Slime Pits.
 19966 | Lair:6   | Entered Level 6 of the Lair of Beasts
 19975 | Lair:6   | Noticed Snorg
 20039 | Lair:5   | Killed Snorg
 20047 | Lair:5   | Reached skill level 10 in Armour
 20363 | Lair:6   | Received a gift from Trog
 20364 | Lair:6   | Reached XP level 15. HP: 173/175 MP: 15/15
 20647 | Lair:6   | Reached skill level 18 in Fighting
 21610 | D:12     | Found Taga's Magic Scroll Shop.
 21618 | D:12     | Bought a scroll of blinking for 82 gold pieces
 22749 | Orc:1    | Entered Level 1 of the Orcish Mines
 22824 | Orc:2    | Entered Level 2 of the Orcish Mines
 22824 | Orc:2    | Found a staircase to the Elven Halls.
 22826 | Orc:2    | Noticed an orc warlord
 22826 | Orc:2    | Noticed Rupert
 22847 | Orc:1    | HP: 1/267 [Rupert/+6 vorpal great mace (20)]
 22847 | Orc:1    | Mangled by Rupert

Illustrated notes

Levels and vault maps discovered:
D:1:      grunt_arrival_lava_bath, layout_loops_ring,
          chequers_ecumenical_altar_simple
D:2:      layout_loops_ring, uniq_jessica
D:3:      minmay_general_purpose_star, layout_loops_cross,
          gammafunk_ghost_split, minmay_misc_feat_secret_circle, uniq_ijyb,
          uniq_terence, uniq_grinder
D:4:      layout_rooms, uniq_sigmund
D:5:      layout_loops_ring, gup_ossuary_entry_pyramid, serial_shops,
          nicolae_shop_hallway_plus
D:6:      layout_basic, gammafunk_ghost_split, uniq_maggie, uniq_prince_ribbit1
D:7:      layout_basic, mainiacjoe_overflow_surrounded_room,
          minmay_temple_entry_crystal_x, serial_shops, nicolae_lakefront_shop
D:8:      cheibrodos_wizards_tower, layout_basic, serial_bayou_pond_d
D:9:      layout_basic, lair_entry_dummy
D:10:     layout_rooms
D:11:     layout_gridville, minmay_orc_entry_temple_small,
          ebering_ghost_funeral_grove, portal_ice_cave_entry_ice_simulacra,
          serial_shops, shop, gauntlet_entry_generic
D:12:     minmay_ornate_pinched, layout_loops_corners, serial_shops, shop
Lair:1:   layout_chaotic_city, nicolae_volcano_entry_batcave,
          gammafunk_ghost_split
Lair:2:   layout_gridlike, hellmonk_spider_entry_not_the_bees,
          chequers_serial_rivers_small_a, serial_bayou_shore_b,
          serial_bayou_shore_b
Lair:3:   layout_loops_ring, minmay_shoals_entry_lonely_mermaid
Lair:4:   nzn_winding_woodlands_cross [nzn_winding_woodlands_5x15_lazy_stream,
          nzn_winding_woodlands_5x15_eye, nzn_winding_woodlands_5x15_longhouse,
          nzn_winding_woodlands_5x15_twine,
          nzn_winding_woodlands_15x15_five_gardens], layout_hall_layers
Lair:5:   layout_cave_pods, minmay_slime_entry_pillars, grunt_megastairs_4
Lair:6:   gammafunk_lair_ancient_temple, layout_cave_pods, uniq_snorg
Orc:1:    nicolae_orc_accident_3, layout_caves,
          gammafunk_ghost_wrathful_warriors
Orc:2:    st_orc_ogre_mass, layout_caves, serial_shops, nicolae_shop_trees,
          hellmonk_ghost_happy_afterlife, uniq_rupert, uniq_erolcha

Skill      XL: |  1  2  3  4  5  6  7  8  9 10 11 12 13 14 15 |
---------------+----------------------------------------------+-----
Dodging        | 3 4 5 6 7 8 9 10 11 12 13 | 13.5
Fighting       | 6 7 9 10 12 13 15 16 17 18 | 18.7
Polearms       | 4 5 7 9 10 11 | 11.9
Maces & Flails | 1 2 4 5 7 8 |  8.1
Armour         | 3 4 6 7 9 10 11 | 11.0

Action                   |  1- 3 |  4- 6 |  7- 9 | 10-12 | 13-15 || total
-------------------------+-------+-------+-------+-------+-------++-------
Melee: Spear             |    81 |    84 |       |       |       ||   165
       Morningstar       |       |    23 |   255 |   209 |       ||   487
       Punch             |       |       |     2 |     3 |     9 ||    14
       Demon trident     |       |       |       |   195 |   944 ||  1139
Throw: Stone             |       |       |     2 |    22 |       ||    24
       Dart              |       |       |       |    17 |     1 ||    18
Invok: Berserk           |       |     2 |     1 |     7 |     5 ||    15
       Trog's Hand       |       |       |       |     2 |     1 ||     3
  Use: Scroll            |       |     4 |    10 |     9 |     9 ||    32
       Potion            |       |       |       |     1 |       ||     1
 Stab: Paralysed         |       |       |       |     1 |       ||     1
       Distracted        |       |       |       |     1 |     1 ||     2
       Invisible         |       |       |       |     1 |       ||     1
Armor: Animal skin       |    16 |    22 |    14 |       |       ||    52
       Robe              |       |       |    45 |       |       ||    45
       Acid dragon scale |       |       |    25 |   137 |   146 ||   308
       Troll leather arm |       |       |       |       |    69 ||    69
Dodge: Dodged            |    24 |    47 |   158 |   273 |   476 ||   978

Table legend: (Time is in decaauts)
 A = Elapsed time spent in this place.
 B = Non-inter-level travel time spent in this place.
 C = Inter-level travel time spent in this place.
 D = Time resting spent in this place.
 E = Time spent auto-exploring this place.
 F = Levels seen in this place.
 G = Mean time per level.
                   A        B        C        D        E       F      G
               +--------+--------+--------+--------+--------+-----+--------+
         Total |  22987 |  21938 |   1049 |   1757 |  15176 |  24 |  957.8 |
       Dungeon |  14439 |  13677 |    762 |   1295 |   9659 |  12 | 1203.2 |
          Lair |   6333 |   6048 |    285 |    212 |   4533 |   6 | 1055.5 |
  Orcish Mines |     91 |     91 |      0 |      0 |     66 |   2 |   45.5 |
       Ossuary |    371 |    371 |      0 |      0 |    235 |   1 |  371.0 |
      Ice Cave |    873 |    873 |      0 |     75 |    404 |   1 |  873.0 |
       Volcano |    363 |    363 |      0 |     62 |    127 |   1 |  363.0 |
      Gauntlet |    515 |    515 |      0 |    112 |    152 |   1 |  515.0 |
               +--------+--------+--------+--------+--------+-----+--------+

Top non-repeatable levels by time:
     D:9: 2691 daAuts
     D:7: 1499 daAuts
     D:3: 1471 daAuts
    D:11: 1417 daAuts
  Lair:4: 1383 daAuts
     D:6: 1287 daAuts
  Lair:5: 1278 daAuts
    D:12: 1253 daAuts
  Lair:6: 1092 daAuts
     D:4: 1009 daAuts
     D:2: 961 daAuts
  Lair:1: 878 daAuts
   IceCv: 873 daAuts
  Lair:3: 851 daAuts
  Lair:2: 849 daAuts
